 Dungeon Crawl Stone Soup version 0.26.1-11-gd32895ea62 (webtiles) character file.

Game seed: 15738477481245538468

18811 hawla the Destroyer (level 12, -12/98 (100) HPs)
             Began as a Green Draconian Conjurer on May 4, 2021.
             Was an Elder of Vehumet.
             Mangled by a skeletal warrior
             ... wielding a +0 short sword
             ... led by a skeletal warrior
              (19 damage)
             ... on level 12 of the Dungeon on May 5, 2021.
             The game lasted 00:55:59 (15661 turns).

hawla the Destroyer (Green Draconian Conjurer)     Turns: 15661, Time: 00:55:59

HP:   -12/98 (100)  AC: 15    Str: 11    XL:     12   Next: 31%
MP:   17/26         EV: 13    Int: 28    God:    Vehumet [****..]
Gold: 895           SH:  0    Dex: 12    Spells: 15/31 levels left

rFire    + . .     SeeInvis +   w - +7 short sword of Ponoemmeo {freeze, rElec}
rCold    . . .     Faith    .   (no shield)
rNeg     . . .     Spirit   .   (armour unavailable)
rPois    +         Reflect  .   (helmet restricted)
rElec    +         Harm     .   v - +2 cloak of Tartarus {rC+}
rCorr    .         Rampage  .   c - +2 pair of gloves
Will     .....                  k - +0 pair of boots
Stlth    ++........             x - amulet of regeneration
HPRegen  0.66/turn              d - +6 ring of intelligence
MPRegen  0.20/turn              C - ring of fire

@: very slightly contaminated, lightly drained
A: breathe noxious fumes, unfitting armour, see invisible, agile 1, poison
resistance, cold-blooded, AC +8
a: Breathe Noxious Fumes, Renounce Religion


You were on level 12 of the Dungeon.
You worshipped Vehumet.
Vehumet was greatly pleased with you.
You visited 2 branches of the dungeon, and saw 13 of its levels.
You visited the Abyss 1 time.

You collected 895 gold pieces.

Inventory:

Hand Weapons
 w - the +7 short sword of Ponoemmeo (weapon) {freeze, rElec}
   (You found it on level 7 of the Dungeon)

   It has been specially enchanted to freeze those struck by it, causing extra
   injury to most foes and up to half again as much damage against particularly
   susceptible opponents.
   It can also slow down cold-blooded creatures.
   It insulates you from electricity.
Missiles
 a - 5 javelins
 l - 7 boomerangs
 p - 31 poisoned darts (quivered)
Armour
 c - a +2 pair of gloves (worn)
 k - a +0 pair of boots (worn)
 v - the +2 cloak of Tartarus (worn) {rC+}
   (You found it on level 10 of the Dungeon)

   It protects you from cold.
Jewellery
 d - a +6 ring of intelligence (left hand)
 g - a +4 ring of evasion
 x - an amulet of regeneration (around neck)
 C - a ring of fire (right hand)
Wands
 b - a wand of disintegration (19)
 f - a wand of enslavement (16)
 i - a wand of digging (10)
Scrolls
 e - a scroll of magic mapping
 h - a scroll of fog
 o - 5 scrolls of remove curse
 u - 3 scrolls of fear
Potions
 m - a potion of flight
 n - a potion of invisibility
 r - a potion of brilliance
 G - a potion of curing
Miscellaneous
 y - a phantom mirror (inert)


   Skills:
 + Level 7.2 Fighting
 + Level 1.7 Short Blades
 + Level 1.8 Throwing
 - Level 4.0 Dodging
 + Level 2.6 Stealth
 - Level 3.0 Shields
 + Level 10.1 Spellcasting
 + Level 12.1 Conjurations
 + Level 3.5 Translocations
 + Level 3.4 Fire Magic
 + Level 5.4 Poison Magic
 - Level 6.0 Evocations


You had 15 spell levels left.
You knew the following spells:

 Your Spells              Type           Power        Failure   Level
a - Magic Dart            Conj           100%         1%          1
b - Searing Ray           Conj           100%         1%          2
c - Iskenderun's Mystic   Conj/Tloc      55%          1%          4
d - Foxfire               Conj/Fire      100%         1%          1
e - Conjure Flame         Conj/Fire      72%          1%          3
f - Irradiate             Conj/Tmut      24%          2%          5

Your spell library contained the following spells:

 Spells                   Type           Power        Failure   Level
 Dazzling Flash           Conj/Hex       96%          1%          3
 Fulminant Prism          Conj/Hex       24%          1%          4


Dungeon Overview and Level Annotations

Branches:
Dungeon (12/15)            Temple (1/1) D:6            Lair (0/6) D:9
    Orc (0/2) D:9

Altars:
Ashenzari
Cheibriados
Dithmenos
Elyvilon
Fedhas
Gozag
Hepliaklqana
Kikubaaqudgha
Makhleb
Nemelex Xobeh
Okawaru
Qazlal
Ru
Sif Muna
Trog
Uskayaw
Vehumet
Wu Jian
Xom
Yredelemnul
Zin
The Shining One
Beogh


Innate Abilities, Weirdness & Mutations

You can breathe blasts of noxious fumes.
Your lurid green scales are hard. (AC +8)
You cannot fit into any form of body armour.
Your system is resistant to poisons. (rPois)
You are cold-blooded and may be slowed by cold attacks.
You have supernaturally acute eyesight. (SInv)
You are agile. (Dex +2)


Message History

The skeletal warrior hits you with a +0 battleaxe!!
* * * LOW HITPOINT WARNING * * *
The skeletal warrior misses you.
The skeletal warrior hits you with a +0 battleaxe!
* * * LOW HITPOINT WARNING * * *
Casting: Irradiate (dangerous; 2% risk of failure)
Confirm with . or Enter, or press ? or * to list all spells.
You erupt in a blast of force!
The mystic blast hits the skeletal warrior but does no damage.
The skeletal warrior is heavily damaged.
The mystic blast hits the skeletal warrior!
You destroy the skeletal warrior!
Vehumet accepts your kill.
You feel your power returning.
The mystic blast hits the skeletal warrior but does no damage.
The skeletal warrior is almost destroyed.
The skeletal warrior closely misses you.
The skeletal warrior hits you but does no damage.
The skeletal warrior hits you with a +0 short sword!!
You die...

................
.................
.................
#............!..#
...............#
#...........#
#........#
#(...)z.#
#....@z##
#.###### +. #


You could see 2 skeletal warriors.

Vanquished Creatures
  Josephine (D:11)
  The ghost of Coolblue908 the Carver, a journeyman MiFi of Okawaru (D:11)
  Erolcha (D:10)
  2 centaur warriors (D:9)
  The ghost of chaostorm the Fighter, a novice MiWz of Vehumet (D:9)
  2 two-headed ogres
  3 thrashing horrors (Abyss:2)
  A skeletal warrior (D:12)
  An unseen horror (D:10)
  2 ugly things
  The ghost of dtburroughs the Skirmisher, a novice MiBe of Trog (D:3)
  A gargoyle (D:9)
  An efreet (D:9)
  2 trolls
  Prince Ribbit (D:8)
  A hornet (D:9)
  4 wraiths
  A vampire (D:11)
  Eustachio (D:5)
  A wyvern (D:9)
  6 yaks (D:9)
  A spatial vortex (Abyss:2)
  Menkaure (D:4)
  2 soldier ants (D:11)
  A water moccasin (D:9)
  Duvessa (D:7)
  2 phantoms
  5 orc warriors
  A black bear (D:10)
  4 ice beasts
  A sky beast (D:8)
  4 ogres
  4 centaurs
  Blork the orc (D:5)
  A big kobold (D:9)
  7 bullfrogs
  A gnoll sergeant (D:8)
  A water moccasin zombie (D:5)
  A wyvern skeleton (D:9)
  3 scorpions
  Dowan (D:7)
  9 killer bees
  8 wights
  3 howler monkeys
  A bullfrog zombie (D:9)
  2 hounds
  3 bullfrog skeletons
  2 jellies
  A quasit (D:9)
  3 centaur skeletons
  6 orc priests
  13 orc wizards
  An iron imp (Abyss:2)
  Ijyb (D:5)
  3 iguanas
  9 worker ants
  A hound skeleton (D:5)
  A worker ant zombie (D:6)
  12 adders
  3 gnolls (D:8)
  3 shadow imps (D:9)
  4 white imps
  2 ufetubi
  An ooze (D:3)
  2 adder zombies
  An adder skeleton (D:9)
  4 worms (D:3)
  2 dart slugs (D:2)
  8 leopard geckos
  54 orcs
  3 ball pythons
  5 bats
  3 giant cockroaches
  8 goblins
  5 hobgoblins
  10 jackals
  8 kobolds
  5 quokkas
  5 frilled lizards
  A leopard gecko skeleton (D:5)
  A quokka skeleton (D:4)
  5 rats
300 creatures vanquished.

Vanquished Creatures (others)
  Fannar (D:11)
  A centaur skeleton (D:9)
  An orc wizard (D:9)
  An orc (D:10)
  33 foxfires
  4 fungi (D:9)
  10 plants
51 creatures vanquished.

Grand Total: 351 creatures vanquished

Notes
Turn   | Place    | Note
-------+----------+-------------------------------------------
     0 | D:1      | hawla the Draconian Conjurer began the quest for the Orb.
     0 | D:1      | Reached XP level 1. HP: 14/14 MP: 3/3
   249 | D:1      | Reached XP level 2. HP: 22/22 MP: 3/5
   252 | D:1      | Learned a level 2 spell: Searing Ray
  1193 | D:1      | Reached skill level 1 in Fighting
  1463 | D:2      | Reached skill level 1 in Translocations
  1463 | D:2      | Reached XP level 3. HP: 28/28 MP: 2/6
  2314 | D:2      | Reached XP level 4. HP: 35/35 MP: 4/8
  2319 | D:2      | Learned a level 4 spell: Iskenderun's Mystic Blast
  2481 | D:2      | Reached skill level 5 in Conjurations
  2896 | D:3      | Reached XP level 5. HP: 40/40 MP: 9/9
  3465 | D:4      | Reached skill level 1 in Throwing
  3615 | D:4      | Noticed Menkaure
  3621 | D:4      | Killed Menkaure
  3622 | D:4      | Reached XP level 6. HP: 48/48 MP: 4/12
  3832 | D:4      | Found a runed translucent gate.
  3832 | D:4      | Noticed dtburroughs's ghost (novice MiBe)
  3843 | D:4      | Found a runed translucent gate.
  3843 | D:4      | Found a runed translucent gate.
  3946 | D:4      | Reached skill level 6 in Conjurations
  3950 | D:5      | Entered Level 5 of the Dungeon
  4308 | D:4      | Found a bloodstained altar of Trog.
  4321 | D:4      | Your scales start taking on a lurid green colour.
  4321 | D:4      | Reached XP level 7. HP: 53/56 MP: 11/13
  4321 | D:4      | Gained mutation: Your system is resistant to poisons.
                  | (rPois) [Green Draconian growth]
  4830 | D:3      | Killed dtburroughs's ghost
  4831 | D:3      | Reached skill level 5 in Spellcasting
  4945 | D:4      | Found a roughly hewn altar of Beogh.
  5433 | D:5      | Noticed Ijyb
  5441 | D:5      | Killed Ijyb
  5442 | D:5      | Reached skill level 1 in Poison Magic
  5442 | D:5      | Reached XP level 8. HP: 62/66 MP: 5/15
  5560 | D:5      | Reached skill level 1 in Evocations
  5632 | D:5      | Noticed Blork the orc
  6050 | D:5      | Noticed Eustachio
  6071 | D:5      | Killed Eustachio
  6549 | D:5      | Killed Blork the orc
  6550 | D:5      | Reached skill level 5 in Fighting
  6986 | D:6      | Found a staircase to the Ecumenical Temple.
  7029 | Temple   | Entered the Ecumenical Temple
  7036 | Temple   | Became a worshipper of Vehumet
  7226 | D:6      | Reached skill level 7 in Conjurations
  7584 | D:6      | Reached XP level 9. HP: 66/74 MP: 6/18
  8095 | D:7      | Got a scorched short sword
  8095 | D:7      | Identified the +7 short sword of Ponoemmeo {freeze, rElec}
                  | (You found it on level 7 of the Dungeon)
  8306 | D:7      | Found a blossoming altar of Fedhas.
  8396 | D:7      | Noticed Duvessa
  8396 | D:7      | Noticed Dowan
  8396 | D:7      | You fall into a shaft and drop 3 floors!
  8396 | D:10     | Entered Level 10 of the Dungeon
  8396 | D:10     | Found a shimmering altar of Xom.
  8545 | D:10     | Reached * piety under Vehumet
  8545 | D:10     | Offered knowledge of Sandblast by Vehumet.
  8549 | D:10     | Noticed Erolcha
  8553 | D:10     | Cast into level 2 of the Abyss (Erolcha)
  8577 | Abyss:2  | Reached skill level 5 in Evocations
  8593 | Abyss:2  | Noticed a thrashing horror
  8607 | Abyss:2  | Killed a thrashing horror
  8622 | Abyss:2  | Noticed a thrashing horror
  8624 | Abyss:2  | Noticed a thrashing horror
  8643 | Abyss:2  | Killed a thrashing horror
  8655 | Abyss:2  | Killed a thrashing horror
  8656 | Abyss:2  | Reached XP level 10. HP: 66/83 MP: 17/22
  8686 | D:10     | Escaped the Abyss
  9120 | D:9      | Noticed a centaur warrior
  9134 | D:9      | Killed a centaur warrior
  9154 | D:9      | Reached skill level 8 in Conjurations
  9683 | D:9      | Found a staircase to the Orcish Mines.
  9792 | D:9      | Noticed a two-headed ogre
  9818 | D:9      | Killed a two-headed ogre
  9818 | D:9      | Offered knowledge of Foxfire by Vehumet.
  9819 | D:9      | Reached skill level 9 in Conjurations
  9823 | D:9      | Reached ** piety under Vehumet
  9830 | D:9      | Learned a level 1 spell: Foxfire
 10196 | D:7      | Killed Dowan
 10197 | D:7      | Killed Duvessa
 10198 | D:7      | Reached skill level 10 in Conjurations
 10402 | D:7      | Found a white marble altar of Elyvilon.
 10659 | D:8      | Gained mutation: You are agile. (Dex +2) [potion of
                  | mutation]
 10659 | D:8      | Gained mutation: You have supernaturally acute eyesight.
                  | (SInv) [potion of mutation]
 10940 | D:8      | Found a hide-covered altar of Uskayaw.
 10941 | D:8      | Identified the +2 robe of Least Resistance {+Inv Will+}
 10953 | D:8      | Reached skill level 1 in Fire Magic
 11094 | D:8      | Offered knowledge of Conjure Flame by Vehumet.
 11115 | D:8      | Learned a level 3 spell: Conjure Flame
 11189 | D:8      | Reached XP level 11. HP: 86/92 MP: 19/23
 11348 | D:8      | Noticed Prince Ribbit
 11384 | D:8      | Reached *** piety under Vehumet
 11389 | D:8      | Killed Prince Ribbit
 11713 | D:9      | Noticed a brown ugly thing
 11729 | D:9      | Noticed a centaur warrior
 11738 | D:9      | Killed a cyan ugly thing
 12029 | D:9      | Offered knowledge of Inner Flame by Vehumet.
 12038 | D:9      | HP: 4/138 [centaur warrior (8)]
 12040 | D:9      | HP: 1/138 [centaur warrior (4)]
 12044 | D:9      | Killed a centaur warrior
 12215 | D:9      | Reached skill level 5 in Poison Magic
 12395 | D:9      | Found a shadowy altar of Dithmenos.
 12398 | D:9      | Found a glowing golden altar of the Shining One.
 12438 | D:9      | Found an iron altar of Okawaru.
 12451 | D:9      | Found a broken altar of Ashenzari.
 12551 | D:9      | Found a staircase to the Lair.
 12624 | D:9      | Found a runed translucent door.
 12625 | D:9      | Noticed chaostorm's ghost (novice MiWz)
 12736 | D:10     | Noticed an unseen horror
 12744 | D:10     | Killed an unseen horror
 12747 | D:10     | Reached skill level 11 in Conjurations
 12820 | D:10     | Killed Erolcha
 13054 | D:10     | Got a twisted cloak
 13064 | D:10     | Identified the +2 cloak of Tartarus {rC+} (You found it on
                  | level 10 of the Dungeon)
 13800 | D:11     | Noticed Fannar
 13812 | D:11     | HP: 4/92 [Fannar/refrigeration (31)]
 13812 | D:11     | Killed Fannar
 14082 | D:11     | Noticed Josephine
 14095 | D:11     | Reached **** piety under Vehumet
 14096 | D:11     | Killed Josephine
 14097 | D:11     | Reached skill level 10 in Spellcasting
 14240 | D:11     | Noticed a two-headed ogre
 14252 | D:11     | Killed a two-headed ogre
 14253 | D:11     | Reached skill level 12 in Conjurations
 14253 | D:11     | Reached XP level 12. HP: 100/100 MP: 17/26
 14383 | D:11     | Found a large runed translucent door.
 14383 | D:11     | Found a large runed translucent door.
 14385 | D:11     | Noticed Coolblue908's ghost (journeyman MiFi)
 14654 | D:11     | Offered knowledge of Irradiate by Vehumet.
 14661 | D:11     | Learned a level 5 spell: Irradiate
 14948 | D:11     | Got an ancient whip
 14949 | D:11     | Identified the cursed +3 whip "Daenudd" {vorpal, +Rage
                  | Dex+4} (You found it on level 11 of the Dungeon)
 15200 | D:9      | Killed chaostorm's ghost
 15201 | D:9      | Reached skill level 1 in Short Blades
 15319 | D:11     | Killed Coolblue908's ghost
 15661 | D:12     | Mangled by a skeletal warrior

Illustrated notes

Levels and vault maps discovered:
D:1:      dpeg_arrival_three_same_balls, layout_basic
D:2:      layout_loops_ring, minmay_tromino_v4_b
D:3:      corexii_shack_village, layout_rooms
D:4:      layout_cave_pools, kennysheep_mini_moat, biasface_ghost_orc_armoury,
          uniq_menkaure
D:5:      layout_gridville, uniq_eustachio, uniq_blork_the_orc, uniq_ijyb
D:6:      layout_gridville, minmay_temple_entry_ruins
D:7:      wad_pebble_path, layout_cave_pools, elyvilon_altar_1, fedhas_altar_1,
          uniq_duvessa
D:8:      layout_loops_corners, eat_drink_and_be_merry_uskayaw,
          uniq_prince_ribbit1
D:9:      hangedman_cross_cluster, layout_rooms, grunt_temple_overflow_open,
          dpeg_oklobed_lair, ebering_ghost_inner_flame
D:10:     layout_basic, tgw_xom, uniq_erolcha
D:11:     layout_roguey, ebering_ghost_disaster_area, uniq_josephine,
          uniq_fannar
D:12:     layout_big_octagon, basic_altar, gammafunk_ghost_stat_death,
          minmay_fountain_box
Temple:   nicolae_temple_no_exploring_needed

Skill      XL: |  1  2  3  4  5  6  7  8  9 10 11 12 |
---------------+-------------------------------------+-----
Stealth        | 2 |  2.6
Dodging        | 2 4 |  4.0
Fighting       | 1 2 4 5 7 |  7.2
Translocations | 1 2 3 |  3.5
Spellcasting   | 3 4 5 6 8 10 | 10.1
Conjurations   | 5 6 7 10 12 | 12.1
Throwing       | 1 |  1.8
Shields        | 2 3 |  3.0
Poison Magic   | 1 3 5 |  5.4
Evocations     | 3 6 |  6.0
Fire Magic     | 1 3 |  3.4
Short Blades   | 1 |  1.7

Action                   |  1- 3 |  4- 6 |  7- 9 | 10-12 || total
-------------------------+-------+-------+-------+-------++-------
Melee: Short sword       |    30 |       |    40 |   294 ||   364
       Dagger            |    25 |    48 |    97 |       ||   170
       Tailslap          |     1 |     5 |    14 |    39 ||    59
Throw: Dart              |       |       |     5 |    12 ||    17
 Cast: Magic Dart        |    22 |    26 |     9 |    12 ||    69
       Searing Ray       |    17 |    18 |    31 |    51 ||   117
       Iskenderun's Myst |       |     4 |    45 |   100 ||   149
       Foxfire           |       |       |       |    17 ||    17
       Conjure Flame     |       |       |       |     5 ||     5
       Irradiate         |       |       |       |     5 ||     5
 Abil: Breathe Noxious F |       |       |     1 |     1 ||     2
Evoke: Phantom mirror    |       |       |     1 |     1 ||     2
       Wand              |       |       |       |     8 ||     8
  Use: Scroll            |     5 |     9 |     3 |    16 ||    33
       Potion            |       |       |     7 |    10 ||    17
 Stab: Sleeping          |     2 |       |     1 |     1 ||     4
       Distracted        |       |       |       |     1 ||     1
Armor: Skin              |    17 |    14 |    87 |   154 ||   272
Dodge: Dodged            |    60 |    51 |   187 |   396 ||   694
